 Dungeon Crawl Stone Soup version 0.30-a0-313-gae38170b09 (webtiles) character file.

Game seed: 9608713638862620422

119402 billz999 the Fighter (level 16, -5/120 HPs)
             Began as a Gnoll Hunter on Oct 27, 2022.
             Was the Champion of Hepliaklqana.
             Slain by a salamander
             ... wielding a +2 trident of venom
              (15 damage)
             ... on level 1 of the Snake Pit.
             The game lasted 01:53:02 (32394 turns).

billz999 the Fighter (Gnoll Hunter)                Turns: 32394, Time: 01:53:03

Health: -5/120     AC: 21    Str: 14    XL:     16   Next: 79%
Magic:  25/31      EV: 17    Int: 15    God:    Hepliaklqana [******]
Gold:   33         SH:  9    Dex: 29    Spells: 15/38 levels left

rFire   . . .      SeeInvis +    a - +3 hand crossbow (vorpal)
rCold   + + +      Faith    +    F - +0 buckler
rNeg    + . .      Spirit   .    P - +0 scale mail of the Sky {Int+5 Dex+4 SInv}
rPois   .          Reflect  .    n - +0 helmet
rElec   .          Harm     .    y - +2 cloak
rCorr   .          Rampage  .    v - +2 pair of gloves
Will    ++++.                    r - +2 pair of boots
Stlth   +++.......               c - amulet "Oskush" {Faith Will+ Dex+2}
HPRegen 0.40/turn                R - ring "Egapt" {*Slow rC++ rN+ Will++}
MPRegen 0.22/turn                e - ring "Zieheote" {rC+ Str+4}

@: lethally poisoned (-5 -> -8), silenced, constricted, studying Fighting
A: reduced essence, fangs 1, strong nose, distributed training
a: Renounce Religion


You were on level 1 of the Snake Pit.
You worshipped Hepliaklqana.
Hepliaklqana was exalted by your worship.
You visited 4 branches of the dungeon, and saw 24 of its levels.
You also visited: Ossuary, Bailey and Ice Cave.

You collected 2591 gold pieces.
You spent 2558 gold pieces at shops.

Inventory:

Hand Weapons
 a - a +3 vorpal hand crossbow (weapon)
 x - a +0 arbalest of flaming
 W - a +1 vorpal arbalest
Armour
 f - a scarf of resistance
 n - a +0 helmet (worn)
 r - a +2 pair of boots (worn)
 v - a +2 pair of gloves (worn)
 y - a +2 cloak (worn)
 B - the +1 scale mail of Ignis's Favour {Str+6 Int+2}
   (You found it on level 13 of the Dungeon)

   Str:       It affects your strength (+6).
   Int:       It affects your intelligence (+2).
 F - a +0 buckler (worn)
 G - the +1 leather armour "Cuexzuy" {rElec Regen+ Str+6}
   (You bought it in a shop on level 1 of the Snake Pit)

   Str:       It affects your strength (+6).
   rElec:     It insulates you from electricity.
   Regen:     It increases your rate of health regeneration.
 K - a +1 tower shield of protection
 P - the +0 scale mail of the Sky (worn) {Int+5 Dex+4 SInv}
   (You bought it in a shop on level 11 of the Dungeon)

   Int:       It affects your intelligence (+5).
   Dex:       It affects your dexterity (+4).
   SInv:      It lets you see invisible.
Jewellery
 c - the amulet "Oskush" (around neck) {Faith Will+ Dex+2}
   (You took it off a centaur warrior on level 8 of the Dungeon)

   [amulet of faith]

   It allows you to gain divine favour quickly.
   Dex:       It affects your dexterity (+2).
   Will:      It increases your willpower.
 e - the ring "Zieheote" (right hand) {rC+ Str+4}
   (You took it off a skeletal warrior on level 8 of the Dungeon)

   [ring of protection from cold]

   Str:       It affects your strength (+4).
   rC:        It protects you from cold.
 j - a +6 ring of intelligence
 o - a +6 ring of dexterity
 t - a ring of positive energy
 A - the ring of Ciomap {rF++ MP+9 EV+4 Str-4 SInv}
   (You took it off a centaur warrior on level 8 of the Dungeon)

   [ring of evasion]

   EV:        It affects your evasion (+4).
   Str:       It affects your strength (-4).
   rF:        It greatly protects you from fire.
   MP:        It affects your magic capacity (+9).
   SInv:      It lets you see invisible.
 Q - a ring of protection from fire
 R - the ring "Egapt" (left hand) {*Slow rC++ rN+ Will++}
   (You found it on level 8 of the Dungeon)

   [ring of positive energy]

   rC:        It greatly protects you from cold.
   rN:        It protects you from negative energy.
   *Slow:     It may slow you when you take damage.
   Will:      It greatly increases your willpower.
 V - a ring of protection from cold
 Y - a ring of wizardry
Wands
 q - a wand of mindburst (5)
 E - a wand of paralysis (14)
 L - a wand of acid (2)
Scrolls
 b - 5 scrolls of immolation
 g - 3 scrolls of torment
 m - 4 scrolls of noise
 s - 4 scrolls of fog
 u - 5 scrolls of amnesia
 C - 6 scrolls of enchant armour
 D - 2 scrolls of magic mapping
 Z - 10 scrolls of identify
Potions
 d - a potion of berserk rage
 h - 11 potions of ambrosia
 i - 3 potions of flight
 k - 2 potions of haste
 l - 2 potions of curing
 p - 2 potions of magic
 w - 2 potions of brilliance
 z - 5 potions of lignification
 H - 2 potions of resistance
 I - 3 potions of might
 N - 3 potions of mutation
 T - a potion of cancellation
Miscellaneous
 S - a box of beasts (inert)
 U - a condenser vane (inert)


   Skills:
 + Level 14.7 Fighting
 + Level 11.5 Short Blades
 + Level 11.5 Long Blades
 + Level 11.5 Axes
 + Level 11.5 Maces & Flails
 + Level 11.5 Polearms
 + Level 11.5 Staves
 + Level 14.1 Ranged Weapons
 + Level 11.5 Throwing
 + Level 11.5 Armour
 + Level 12.4 Dodging
 + Level 11.8 Stealth
 + Level 11.5 Shields
 + Level 11.5 Unarmed Combat
 + Level 11.5 Spellcasting
 + Level 9.7 Conjurations
 + Level 9.7 Hexes
 + Level 9.7 Summonings
 + Level 9.7 Necromancy
 + Level 9.7 Translocations
 + Level 9.7 Transmutations
 + Level 9.7 Fire Magic
 + Level 9.7 Ice Magic
 + Level 9.7 Air Magic
 + Level 9.7 Earth Magic
 + Level 9.7 Poison Magic
 + Level 12.5 Invocations
 + Level 11.5 Evocations


You had 15 spell levels left.
You knew the following spells:

 Your Spells              Type           Power      Damage    Failure   Level
a - Portal Projectile     Hex/Tloc       74%        N/A       1%          3
b - Tukima's Dance        Hex            37%        N/A       1%          3
c - Dispel Undead         Necr           37%        3d15      5%          4
d - Animate Armour        Summ/Erth      74%        N/A       5%          4
e - Summon Lightning Spi  Summ/Air       37%        N/A       5%          4
f - Summon Mana Viper     Hex/Summ       37%        N/A       16%         5

Your spell library contained the following spells:

 Spells                   Type           Power      Damage    Failure   Level
 Magic Dart               Conj           100%       1d8       1%          1
 Necrotise                Necr           100%       1d9       1%          1
 Shock                    Conj/Air       100%       1d9       1%          1
 Slow                     Hex            100%       N/A       1%          1
 Call Imp                 Summ           37%        N/A       1%          2
 Cigotuvi's Dreadful Rot  Necr/Pois/Air  74%        N/A       1%          2
 Hailstorm                Conj/Ice       37%        3d9       1%          3
 Mephitic Cloud           Conj/Pois/Air  37%        N/A       1%          3
 Stone Arrow              Conj/Erth      74%        3d11      1%          3
 Swiftness                Air            37%        N/A       1%          3
 Airstrike                Air            18%        2d(3-19)  5%          4
 Fulminant Prism          Conj/Hex       18%        3d11      5%          4
 Ice Form                 Ice/Tmut       37%        N/A       5%          4
 Blade Hands              Tmut           18%        N/A       16%         5
 Lightning Bolt           Conj/Air       18%        1d33      16%         5
 Summon Forest            Summ/Tloc      18%        N/A       16%         5
 Death Channel            Necr           18%        N/A       65%         6
 Simulacrum               Ice/Necr       18%        N/A       65%         6
 Summon Cactus Giant      Summ           18%        N/A       65%         6
 Lehudib's Crystal Spear  Conj/Erth      18%        10d6      100%        8


Dungeon Overview and Level Annotations

Branches:
Dungeon (15/15)            Temple (0/1) D:5            Lair (5/5) D:9
 Shoals (0/4) Lair:2        Snake (2/4) Lair:2        Slime (0/5) Lair:4
    Orc (2/2) D:11            Elf (0/3) Orc:2        Vaults (0/5) D:13
 Depths (0/4) D:15        Ossuary (visited)          Bailey (visited)
  IceCv (visited)

Altars:
Dithmenos
Hepliaklqana
Kikubaaqudgha
Makhleb
Sif Muna
Zin
Jiyva

Shops:
D:5 (   D:11 [   D:13 :   D:14 *(   Orc:2 :*[=(   Snake:1 [

Portals:
Hell: Lair:5
Trove: D:15 (give 12 potions of heal wounds)

Annotations:
D:9 exclusion: obsidian statue
Lair:2 2 transporters, bigduke15's ghost, journeyman MiFi


Innate Abilities, Weirdness & Mutations

Your life essence is reduced to manifest your ancestor. (-10% HP)
You have very sharp teeth.
Your uncanny sense of smell can sniff out nearby items.
Your experience applies equally to all skills.


Message History

The naga warrior hits you with a +0 hand axe!
The naga warrior constricts you.
The salamander hits you but does no damage.
The naga spits poison at you. You block the splash of poison.
Khenut gestures at the salamander while chanting.
The salamander resists with some effort.
The guardian serpent hits you but does no damage.
The naga warrior roars a battlecry!
The nagas go into a battle-frenzy!
The naga warrior constricts you. The salamander barely misses you.
The naga hits you with a +0 mace!!
* * * LOW HITPOINT WARNING * * *
Unknown command.
Okay, then.
Really quaff the potion of lignification?
Okay, then.
You feel better.
Khenut points at the salamander and mumbles some strange words.
The salamander appears confused.
The guardian serpent hits you!!
* * * LOW HITPOINT WARNING * * *
You block the salamander's attack. The naga warrior spits poison at you.
The splash of poison misses you. The naga warrior constricts you.
The salamander hits the guardian serpent with a +0 trident!
The guardian serpent is engulfed in flames!
The salamander hits itself with a +0 trident!!
The naga spits poison at you. The splash of poison hits you.
You are poisoned.
* * * LOW HITPOINT WARNING * * *
Okay, then.
Okay, then.
As you read the scroll of silence, it crumbles to dust.
A profound silence engulfs you.
You feel sick.
The guardian serpent hits Khenut!!
Khenut hits the guardian serpent with a +0 dagger of draining!
The guardian serpent dies!
The salamander hits you with a +2 trident of venom!
You die...

#..[......####
...####...##...# ∆
........###....###
...####.#........#
#...........#.#
.......###...###.# #####
...###.#.#.###.8.#......
## #.........NR.)......
. #....#....@†######..
.# ###....##..NNN# .#
#.#.....#.###.# ##
##.##....#.....#
.###........##....#
......<#[....#....#
##.....#.....######
.#.....#.#####
.####.##....#


You could see the friendly Khenut the hexer, a naga warrior (catching breath,
reflecting), 2 salamanders, a naga (strong, unsilenced, catching breath) and a
friendly lightning spire (summoned, unsilenced).

Vanquished Creatures
  Jorgrun (Snake:1)
  Rupert (D:15)
  Kirke (D:15)
  An orc warlord (Orc:2)
  6 hydras
  2 anacondas
  A two-headed ogre (shapeshifter) (D:13)
  3 death knights
  6 centaur warriors
  6 two-headed ogres
  Urug (D:12)
  2 boulder beetles (D:14)
  2 death yaks (Lair:4)
  A sun demon (Lair:5)
  A tengu warrior (D:13)
  Sonja (Orc:1)
  A vampire mage (D:15)
  Nergalle (D:12)
  3 naga sharpshooters
  4 skeletal warriors
  A phantasmal warrior (D:12)
  A deep elf pyromancer (D:12)
  2 wizards
  5 orc knights
  2 ugly things (D:15)
  3 orc sorcerers
  2 mana vipers
  7 elephants
  3 cyclopes
  2 ice statues (IceCv)
  Maurice (D:12)
  7 black mambas
  2 naga magi (Snake:1)
  An orange demon (Lair:5)
  2 centaur skeletons (D:13)
  7 cane toads
  3 freezing wraiths
  4 komodo dragons
  8 ice devils
  2 polar bears
  A meliai (shapeshifter) (D:15)
  2 red devils (Lair:5)
  A wolf spider simulacrum (D:15)
  A queen bee (Lair:2)
  2 trolls
  A slime creature (D:15)
  4 blink frogs
  3 centaur simulacra (D:13)
  A spriggan zombie (D:15)
  A shadow (D:10)
  A dire elephant simulacrum (IceCv)
  A water elemental (D:15)
  18 yaks
  3 humans (Bailey)
  4 wyverns
  10 wraiths
  2 basilisks
  Menkaure (D:7)
  2 harpy simulacra (IceCv)
  2 death yak simulacra (IceCv)
  A glowing shapeshifter zombie (D:15)
  6 nagas
  5 wargs (Orc:1)
  A hydra simulacrum (IceCv)
  2 hell hounds (Lair:5)
  9 water moccasins
  A meliai simulacrum (D:13)
  A sky beast (D:8)
  20 orc warriors
  3 ice beasts
  3 black bears
  5 wolves
  2 boggarts (D:15)
  6 ogres
  10 centaurs
  An elf zombie (D:6)
  8 kobold brigands
  16 bullfrogs
  A gnoll sergeant (D:9)
  3 elf skeletons (D:6)
  9 scorpions
  A cane toad simulacrum (IceCv)
  4 wights (D:9)
  20 killer bees
  An elephant simulacrum (D:13)
  2 electric eels (Lair:2)
  5 howler monkeys
  5 jellies
  A centaur zombie (Ossuary)
  4 hounds
  2 human zombies (Ossuary)
  34 orc priests
  A gnoll bouda (D:6)
  19 orc wizards
  2 hexers
  2 scorpion zombies (Ossuary)
  3 spriggan simulacra
  A polar bear simulacrum (IceCv)
  3 troll simulacra
  2 wolf simulacra
  2 mummies (Ossuary)
  Robin (D:3)
  13 gnolls
  2 naga simulacra (D:13)
  5 adders
  3 nameless horrors
  2 shadow imps (D:7)
  8 white imps
  8 ufetubi
  3 dart slugs
  A worm (D:2)
  70 orcs
  3 ball pythons (D:1)
  7 endoplasms
  2 giant cockroaches
  2 gnoll zombies (Ossuary)
  10 hobgoblins
  2 jackals (D:1)
  5 kobolds
  2 quokkas
  5 bats
  6 frilled lizards
  19 goblins
  6 goblin zombies (Ossuary)
  A hobgoblin zombie (Ossuary)
  An orc skeleton (D:6)
  7 rats
592 creatures vanquished.

Vanquished Creatures (collateral kills)
  A reaper (IceCv)
  A broodmother (shapeshifter) (D:15)
  Snorg (Orc:1)
  Fannar (D:12)
  A quicksilver dragon skeleton (D:15)
  Erolcha (D:11)
  A boulder beetle (D:14)
  A centaur warrior (D:13)
  A death knight (D:13)
  2 anacondas
  A two-headed ogre (D:7)
  4 orc high priests (Orc:2)
  3 death yaks (Lair:4)
  5 naga warriors
  5 naga sharpshooters
  3 skeletal warriors
  A golden dragon zombie (D:15)
  A naga ritualist (Snake:1)
  3 ugly things
  A necromancer (D:15)
  2 orc sorcerers
  2 mana vipers (Snake:1)
  An oklob plant (Lair:4)
  A manticore (D:13)
  2 orc knights
  A salamander (Snake:1)
  2 cyclopes
  3 nameless horrors
  8 elephants
  6 black mambas
  3 guardian serpents
  A naga mage (Snake:2)
  2 centaur skeletons (D:13)
  3 cane toads
  A smoke demon (Lair:5)
  5 komodo dragons
  An unseen horror (D:13)
  4 rime drakes
  An ice devil (Lair:5)
  3 trolls
  8 blink frogs
  2 slime creatures (D:15)
  A snapping turtle (Lair:2)
  A water elemental (D:15)
  4 wraiths
  A wyvern (Lair:2)
  A human (Bailey)
  9 yaks
  2 basilisks
  3 hogs (D:15)
  A steam dragon (D:8)
  2 wargs
  5 nagas
  An acid dragon (D:10)
  2 swamp worms (D:9)
  2 hell hounds (Lair:5)
  3 water moccasins
  A black bear (D:6)
  An ice beast (D:7)
  12 orc warriors
  3 ogres
  A sky beast (D:8)
  3 boggarts
  3 wolves
  2 centaurs
  A kobold brigand (D:8)
  7 bullfrogs
  A gnoll sergeant (D:8)
  A two-headed ogre simulacrum (IceCv)
  2 necrophages
  A scorpion (Ossuary)
  2 wights (D:9)
  10 killer bees
  A howler monkey (D:6)
  2 centaur zombies (Ossuary)
  A hound (D:7)
  8 orc priests
  A human skeleton (D:6)
  2 iguanas
  8 orc wizards
  3 spriggan simulacra (IceCv)
  A mummy (Ossuary)
  7 gnolls
  2 naga simulacra (D:13)
  An ufetubus (D:13)
  A dart slug (D:5)
  39 orcs
  4 goblins
  5 kobolds
  A gnoll zombie (Ossuary)
  2 hobgoblin zombies (Ossuary)
  A kobold zombie (Ossuary)
  3 orc zombies (Ossuary)
282 creatures vanquished.

Vanquished Creatures (others)
  A naga warrior (Snake:2)
  3 humans
  47 hexers
  3 ancestors
  An orc (Orc:2)
  51 fungi
  43 plants
  8 withered plants (D:15)
157 creatures vanquished.

Grand Total: 1031 creatures vanquished

Notes
Turn   | Place    | Note
-------+----------+-------------------------------------------
     0 | D:1      | billz999 the Gnoll Hunter began the quest for the Orb.
     0 | D:1      | Reached XP level 1. HP: 20/20 MP: 1/1
   124 | D:1      | Reached XP level 2. HP: 26/26 MP: 2/2
   574 | D:1      | Reached XP level 3. HP: 31/31 MP: 3/3
   758 | D:1      | Reached skill level 1 in Invocations
   885 | D:2      | Reached skill level 1 in Short Blades
   885 | D:2      | Reached skill level 1 in Long Blades
   885 | D:2      | Reached skill level 1 in Axes
   885 | D:2      | Reached skill level 1 in Maces & Flails
   885 | D:2      | Reached skill level 1 in Polearms
   885 | D:2      | Reached skill level 1 in Staves
   885 | D:2      | Reached skill level 1 in Throwing
   885 | D:2      | Reached skill level 1 in Armour
   885 | D:2      | Reached skill level 1 in Shields
   885 | D:2      | Reached skill level 1 in Unarmed Combat
   885 | D:2      | Reached skill level 1 in Spellcasting
   885 | D:2      | Reached skill level 1 in Evocations
   891 | D:2      | Reached XP level 4. HP: 38/38 MP: 5/5
  1187 | D:2      | Found a hazy altar of Hepliaklqana.
  1207 | D:2      | Reached skill level 1 in Conjurations
  1207 | D:2      | Reached skill level 1 in Hexes
  1207 | D:2      | Reached skill level 1 in Summonings
  1207 | D:2      | Reached skill level 1 in Necromancy
  1207 | D:2      | Reached skill level 1 in Translocations
  1207 | D:2      | Reached skill level 1 in Transmutations
  1207 | D:2      | Reached skill level 1 in Fire Magic
  1207 | D:2      | Reached skill level 1 in Ice Magic
  1207 | D:2      | Reached skill level 1 in Air Magic
  1207 | D:2      | Reached skill level 1 in Earth Magic
  1207 | D:2      | Reached skill level 1 in Poison Magic
  1366 | D:2      | Became a worshipper of Hepliaklqana the Forgotten
  1653 | D:3      | Found a shimmering blue altar of Sif Muna.
  1799 | D:3      | Reached XP level 5. HP: 43/43 MP: 5/7
  1800 | D:4      | Noticed Robin
  1829 | D:3      | Killed Robin
  2438 | D:4      | Reached XP level 6. HP: 48/50 MP: 8/8
  2444 | D:4      | Reached skill level 5 in Fighting
  2444 | D:4      | Reached skill level 5 in Dodging
  2587 | D:4      | Reached * piety under Hepliaklqana
  2626 | D:4      | Identified the +1 robe of the Lily {rN+}
  2881 | D:4      | Noticed a black bear
  2897 | D:4      | Killed a black bear
  3060 | D:5      | Entered Level 5 of the Dungeon
  3382 | D:5      | Reached XP level 7. HP: 42/50 MP: 10/10
  3440 | D:5      | Found a staircase to the Ecumenical Temple.
  3762 | D:5      | Found Meulo's Antique Weapon Emporium.
  4122 | D:6      | Reached XP level 8. HP: 47/56 MP: 12/12
  4199 | D:6      | Found a glowing silver altar of Zin.
  4199 | D:6      | Found a shadowy altar of Dithmenos.
  4505 | D:6      | Found a sand-covered staircase.
  4537 | Ossuary  | Entered an ossuary
  4639 | Ossuary  | Reached ** piety under Hepliaklqana
  4667 | Ossuary  | Reached XP level 9. HP: 62/62 MP: 14/14
  4871 | Ossuary  | Reached skill level 5 in Stealth
  5349 | D:7      | Found a flagged portal.
  5356 | D:7      | Reached skill level 5 in Invocations
  5362 | Bailey   | Entered a bailey
  5371 | Bailey   | Remembered your ancestor Khenut as a hexer
  5472 | Bailey   | Reached skill level 5 in Short Blades
  5472 | Bailey   | Reached skill level 5 in Long Blades
  5472 | Bailey   | Reached skill level 5 in Axes
  5472 | Bailey   | Reached skill level 5 in Maces & Flails
  5472 | Bailey   | Reached skill level 5 in Polearms
  5472 | Bailey   | Reached skill level 5 in Staves
  5472 | Bailey   | Reached skill level 5 in Throwing
  5472 | Bailey   | Reached skill level 5 in Armour
  5472 | Bailey   | Reached skill level 5 in Shields
  5472 | Bailey   | Reached skill level 5 in Unarmed Combat
  5472 | Bailey   | Reached skill level 5 in Spellcasting
  5472 | Bailey   | Reached skill level 5 in Evocations
  5472 | Bailey   | Reached XP level 10. HP: 69/69 MP: 17/17
  5491 | Bailey   | Reached skill level 10 in Ranged Weapons
  5501 | Bailey   | Noticed a vault guard
  5501 | Bailey   | Noticed Prince Ribbit
  5975 | D:7      | Noticed Menkaure
  5983 | D:7      | Killed Menkaure
  6269 | D:7      | Noticed a two-headed ogre
  6274 | D:7      | Killed a two-headed ogre
  6601 | D:8      | Found an ancient bone altar of Kikubaaqudgha.
  7067 | D:8      | Reached *** piety under Hepliaklqana
  7108 | D:8      | Reached skill level 5 in Conjurations
  7108 | D:8      | Reached skill level 5 in Hexes
  7108 | D:8      | Reached skill level 5 in Summonings
  7108 | D:8      | Reached skill level 5 in Necromancy
  7108 | D:8      | Reached skill level 5 in Translocations
  7108 | D:8      | Reached skill level 5 in Transmutations
  7108 | D:8      | Reached skill level 5 in Fire Magic
  7108 | D:8      | Reached skill level 5 in Ice Magic
  7108 | D:8      | Reached skill level 5 in Air Magic
  7108 | D:8      | Reached skill level 5 in Earth Magic
  7108 | D:8      | Reached skill level 5 in Poison Magic
  7153 | D:8      | Reached XP level 11. HP: 66/76 MP: 20/20
  7232 | D:8      | Noticed a skeletal warrior
  7236 | D:8      | Noticed a brown ugly thing
  7237 | D:8      | Killed a skeletal warrior
  7241 | D:8      | Noticed a six-headed hydra
  7242 | D:8      | Killed a brown ugly thing
  7859 | D:8      | Identified the ring "Zieheote" {rC+ Str+4}
  7859 | D:8      | Noticed a skeletal warrior
  8339 | D:9      | Noticed a sixfirhy
  8350 | D:10     | Entered Level 10 of the Dungeon
  8674 | D:10     | Noticed a cyclops
  8805 | D:10     | Reached **** piety under Hepliaklqana
  8902 | D:9      | Learned a level 3 spell: Portal Projectile
  8916 | D:9      | Noticed an obsidian statue
  8936 | D:9      | Found a staircase to the Lair.
  8946 | Lair:1   | Entered Level 1 of the Lair of Beasts
  9479 | Lair:1   | Reached ***** piety under Hepliaklqana
  9766 | Lair:2   | Noticed bigduke15's ghost (journeyman MiFi)
  9766 | Lair:2   | Found a transporter.
  9766 | Lair:2   | Found a transporter.
 10083 | Lair:2   | Noticed a seven-headed hydra
 10097 | Lair:2   | Killed a seven-headed hydra
 10113 | Lair:1   | Reached XP level 12. HP: 61/84 MP: 22/22
 11097 | Lair:2   | Found a staircase to the Snake Pit.
 11380 | Lair:2   | Found a staircase to the Shoals.
 12397 | Lair:3   | Reached XP level 13. HP: 90/90 MP: 25/25
 12799 | Lair:3   | Found a runed translucent door.
 13449 | Lair:4   | Reached skill level 10 in Fighting
 13678 | Lair:5   | Entered Level 5 of the Lair of Beasts
 14532 | Lair:4   | Found a viscous altar of Jiyva.
 14534 | Lair:4   | Found a staircase to the Slime Pits.
 16013 | Lair:5   | Reached skill level 10 in Dodging
 16408 | Lair:5   | Learned a level 3 spell: Tukima's Dance
 16413 | Lair:5   | Learned a level 4 spell: Dispel Undead
 16930 | Lair:5   | Found a burning altar of Makhleb.
 17066 | Lair:5   | Reached XP level 14. HP: 101/101 MP: 27/27
 17070 | Lair:5   | Reached skill level 10 in Invocations
 17511 | Lair:5   | Found a gateway to Hell.
 18981 | D:8      | Identified the amulet "Oskush" {Faith Will+ Dex+2}
 19194 | D:8      | Identified the ring of Ciomap {rF++ MP+9 EV+4 Str-4 SInv}
 19371 | D:8      | Identified the ring "Egapt" {*Slow rC++ rN+ Will++}
 19675 | D:11     | Noticed Erolcha
 19684 | D:11     | Killed Erolcha
 19878 | D:11     | Found a staircase to the Orcish Mines.
 20056 | D:11     | Found Ramippye's Antique Armour Shoppe.
 20072 | D:11     | Bought an encrusted scale mail for 270 gold pieces
 20072 | D:11     | Identified the +0 scale mail of the Sky {Int+5 Dex+4 SInv}
                  | (You bought it in a shop on level 11 of the Dungeon)
 20072 | D:11     | Bought a runed cloak for 225 gold pieces
 20363 | Orc:1    | Entered Level 1 of the Orcish Mines
 20389 | Orc:1    | Noticed Snorg
 20483 | Orc:1    | Killed Snorg
 20698 | Orc:1    | Reached skill level 10 in Stealth
 20870 | Orc:1    | Noticed Sonja
 20871 | Orc:1    | Killed Sonja
 21000 | Orc:2    | Entered Level 2 of the Orcish Mines
 22226 | Orc:2    | Noticed an orc warlord
 22859 | Orc:2    | Found Xojeciho's Book Shop.
 22868 | Orc:2    | Found a staircase to the Elven Halls.
 23417 | Orc:1    | Learned a level 4 spell: Animate Armour
 23487 | Orc:2    | Killed an orc warlord
 23488 | Orc:2    | Reached skill level 10 in Short Blades
 23488 | Orc:2    | Reached skill level 10 in Long Blades
 23488 | Orc:2    | Reached skill level 10 in Axes
 23488 | Orc:2    | Reached skill level 10 in Maces & Flails
 23488 | Orc:2    | Reached skill level 10 in Polearms
 23488 | Orc:2    | Reached skill level 10 in Staves
 23488 | Orc:2    | Reached skill level 10 in Throwing
 23488 | Orc:2    | Reached skill level 10 in Armour
 23488 | Orc:2    | Reached skill level 10 in Shields
 23488 | Orc:2    | Reached skill level 10 in Unarmed Combat
 23488 | Orc:2    | Reached skill level 10 in Spellcasting
 23488 | Orc:2    | Reached skill level 10 in Evocations
 23571 | Orc:2    | Bought a book of Storms for 384 gold pieces
 23571 | Orc:2    | Bought a book of the Wilderness for 456 gold pieces
 23576 | Orc:2    | Learned a level 4 spell: Summon Lightning Spire
 23582 | Orc:2    | Learned a level 5 spell: Summon Mana Viper
 23826 | Orc:2    | Reached XP level 15. HP: 94/109 MP: 14/29
 23913 | Orc:2    | Found Bihohar's General Store.
 23914 | Orc:2    | Found Diabamun's Jewellery Shoppe.
 23916 | Orc:2    | Found Togief's Antique Armour Shoppe.
 23916 | Orc:2    | Found Yscho's Antique Weapon Emporium.
 23923 | Orc:2    | Bought a +6 ring of dexterity for 576 gold pieces
 24113 | D:12     | Noticed Nergalle
 24133 | D:12     | Killed Nergalle
 24308 | D:12     | Noticed Urug
 24314 | D:12     | Killed Urug
 24580 | D:12     | Noticed Maurice
 24584 | D:12     | Killed Maurice
 24693 | D:12     | Noticed Fannar
 24700 | D:12     | Killed Fannar
 24882 | D:12     | Found a burning altar of Makhleb.
 24882 | D:12     | Noticed an Executioner
 25123 | D:13     | Found a gate to the Vaults.
 25147 | D:13     | Found a frozen archway.
 25157 | D:13     | Identified the +1 scale mail of Ignis's Favour {Str+6
                  | Int+2}
 25167 | IceCv    | Entered an ice cave
 26361 | D:13     | Found Vaomoeth's Self-Improvement Boutique.
 26975 | D:13     | Got the Meditations on Imprecation and the Mortuary
 27957 | D:14     | Found Betu Tuloudi's General Store.
 27965 | D:14     | Bought a scroll of blinking for 120 gold pieces
 27965 | D:14     | Bought a potion of heal wounds for 80 gold pieces
 28605 | D:14     | Found Cyokuuff's Antique Weapon Emporium.
 28613 | D:14     | Bought a glowing arbalest for 195 gold pieces
 28782 | D:14     | Identified the +0 robe of the Guava {rPois Str+5 Stlth+}
 28998 | D:15     | Entered Level 15 of the Dungeon
 29058 | D:15     | Reached XP level 16. HP: 117/118 MP: 24/30
 29069 | D:15     | Noticed Kirke
 29073 | D:15     | Killed Kirke
 29506 | D:15     | Identified the +8 rapier of the Pyrrhic Victory {pain,
                  | Dex+6 Stlth+}
 29571 | D:15     | Found a staircase to the Depths.
 29683 | D:15     | Found a portal to a secret trove of treasure.
 29842 | D:15     | Noticed Rupert
 29848 | D:15     | Killed Rupert
 30301 | Snake:1  | Entered Level 1 of the Snake Pit
 30920 | Snake:1  | Noticed Jorgrun
 31296 | Snake:1  | You fall into a shaft and drop 1 floor!
 32070 | Snake:1  | Killed Jorgrun
 32181 | Snake:1  | Reached ****** piety under Hepliaklqana
 32315 | Snake:1  | Found Pecrewk's Antique Armour Shoppe.
 32341 | Snake:1  | Bought a transparent leather armour for 252 gold pieces
 32341 | Snake:1  | Identified the +1 leather armour "Cuexzuy" {rElec Regen+
                  | Str+6} (You bought it in a shop on level 1 of the Snake
                  | Pit)
 32394 | Snake:1  | Slain by a salamander

Illustrated notes

Levels and vault maps discovered:
D:1:      dpeg_arrival_round_c, layout_basic
D:2:      layout_basic, basic_altar
D:3:      layout_basic, led_sif_pool
D:4:      black_bear_nest_1, layout_loops_ring, serial_aquarium,
          aquarium_bridge_straight [aquarium_subvault_bridge,
          aquarium_subvault_window, aquarium_subvault_bridge,
          aquarium_subvault_window], aquarium_window_fake, aquarium_window_fake,
          aquarium_window_fake, aquarium_view_2a, aquarium_view_4,
          aquarium_balcony_3b, uniq_robin
D:5:      layout_basic, minmay_temple_entry_gardened_gates, serial_shops,
          nicolae_shop_stone
D:6:      layout_rooms, gammafunk_temple_overflow_statue,
          nicolae_ossuary_entry_catacombs, minmay_quadrilaterals
D:7:      layout_basic, enter_bailey_5, uniq_menkaure
D:8:      minmay_the_grid_triangle_9x9_rhombus_full
          [minmay_the_grid_triangle_9x9_pentomino_pain,
          minmay_the_grid_triangle_9x9_zippers_vertical,
          minmay_the_grid_triangle_9x9_alien,
          minmay_the_grid_triangle_9x9_cache,
          minmay_the_grid_triangle_9x9_wacky_v,
          minmay_the_grid_triangle_9x9_empty,
          minmay_the_grid_triangle_9x9_thin_v,
          minmay_the_grid_triangle_9x9_prize_special], layout_basic,
          tgw_kikubaaqudgha, grunt_ministairs_15
D:9:      layout_loops_ring, dpeg_oklobed_lair, minivault_16, minmay_hedge_maze,
          worms_lemuel
D:10:     layout_irregular_city, dreamdust_mushroom_princess, minivault_23
D:11:     layout_roguey, hiddenorc2_lemuel, serial_shops,
          nicolae_shop_window_shopping, grunt_ministairs_15, uniq_erolcha
D:12:     layout_roguey, minmay_misc_feat_columns, hangedman_decor_push,
          makhleb_altar_promises_db, uniq_maurice, uniq_fannar, uniq_urug,
          uniq_nergalle
D:13:     layout_roguey, hangedman_vaults_entry_quadrant_bands, serial_ice,
          serial_ice_g, serial_ice_b, serial_ice_a, serial_ice_k, serial_ice_o,
          serial_ice_n, portal_ice_cave_entry_ice_simulacra,
          nicolae_shop_self_help
D:14:     layout_basic, serial_shops, shop, shop, reono_crystal_passage
D:15:     gammafunk_depths_entry_grave, layout_basic,
          nicolae_trove_entry_isolated, serial_ice, serial_ice_c, serial_ice_l,
          serial_ice_g, serial_ice_b, uniq_rupert, uniq_kirke
Lair:1:   layout_gridlike
Lair:2:   layout_gridlike, minmay_shoals_entry_hut, guppyfry_snake_entry_island,
          gammafunk_ghost_hive, special_room [special_room_bee],
          grunt_megastairs_4
Lair:3:   layout_loops_ring, pf_torpor_hydra
Lair:4:   layout_loops_ring, nicolae_slime_entry_slimehenge,
          dpeg_stationary_puzzle, grunt_megastairs_2, lemuel_fruit_fields,
          lemuel_fruit_tree, serial_bayou_shore_a
Lair:5:   evil_forest, layout_loops_ring
Snake:1:  layout_honeycomb, serial_shops, shop, nicolae_shop_stone,
          uniq_jorgrun, uniq_aizul
Snake:2:  layout_basic, st_stairs_5, minmay_shop_star
Orc:1:    layout_caves, basic_altar, uniq_sonja, uniq_snorg
Orc:2:    st_orc_congregation, layout_caves, special_room, basic_altar,
          serial_shops, nicolae_shop_window_shopping

Skill      XL: |  1  2  3  4  5  6  7  8  9 10 11 12 13 14 15 16 |
---------------+-------------------------------------------------+-----
Invocations    | 1 2 3 4 5 6 7 8 9 10 11 12 | 12.5
Short Blades   | 1 2 3 5 6 7 8 9 10 11 | 11.5
Long Blades    | 1 2 3 5 6 7 8 9 10 11 | 11.5
Axes           | 1 2 3 5 6 7 8 9 10 11 | 11.5
Maces & Flails | 1 2 3 5 6 7 8 9 10 11 | 11.5
Polearms       | 1 2 3 5 6 7 8 9 10 11 | 11.5
Staves         | 1 2 3 5 6 7 8 9 10 11 | 11.5
Throwing       | 1 2 3 5 6 7 8 9 10 11 | 11.5
Armour         | 1 2 3 5 6 7 8 9 10 11 | 11.5
Shields        | 1 2 3 5 6 7 8 9 10 11 | 11.5
Unarmed Combat | 1 2 3 5 6 7 8 9 10 11 | 11.5
Spellcasting   | 1 2 3 5 6 7 8 9 10 11 | 11.5
Evocations     | 1 2 3 5 6 7 8 9 10 11 | 11.5
Conjurations   | 1 2 3 4 5 6 7 8 9 |  9.7
Hexes          | 1 2 3 4 5 6 7 8 9 |  9.7
Summonings     | 1 2 3 4 5 6 7 8 9 |  9.7
Necromancy     | 1 2 3 4 5 6 7 8 9 |  9.7
Translocations | 1 2 3 4 5 6 7 8 9 |  9.7
Transmutations | 1 2 3 4 5 6 7 8 9 |  9.7
Fire Magic     | 1 2 3 4 5 6 7 8 9 |  9.7
Ice Magic      | 1 2 3 4 5 6 7 8 9 |  9.7
Air Magic      | 1 2 3 4 5 6 7 8 9 |  9.7
Earth Magic    | 1 2 3 4 5 6 7 8 9 |  9.7
Poison Magic   | 1 2 3 4 5 6 7 8 9 |  9.7
Stealth        | 3 4 5 6 7 8 9 10 11 | 11.8
Fighting       | 5 6 7 8 9 11 12 13 14 | 14.7
Dodging        | 5 6 7 8 9 10 11 12 | 12.4
Ranged Weapons | 9 10 11 12 13 14 | 14.1

Action                   |  1- 3 |  4- 6 |  7- 9 | 10-12 | 13-15 | 16-18 || total
-------------------------+-------+-------+-------+-------+-------+-------++-------
Melee: Spear             |       |    37 |   118 |     8 |       |       ||   163
       Mace              |       |    10 |       |       |       |       ||    10
       Bite              |       |     5 |     6 |       |       |       ||    11
       Punch             |       |     2 |     1 |       |       |       ||     3
 Fire: Shortbow          |    56 |   148 |   196 |    74 |       |       ||   474
       Arbalest          |       |       |       |   364 |   825 |       ||  1189
       Hand crossbow     |       |       |       |       |   137 |   177 ||   314
 Cast: Portal Projectile |       |       |       |     5 |     1 |       ||     6
       Summon Lightning  |       |       |       |       |    52 |    34 ||    86
       Tukima's Dance    |       |       |       |       |     2 |       ||     2
       Summon Mana Viper |       |       |       |       |       |    17 ||    17
Invok: Ancestor Identity |       |     1 |     1 |       |       |       ||     2
       Ancestor Life: He |       |       |     1 |       |       |       ||     1
       Recall Ancestor   |       |       |       |     2 |     4 |     2 ||     8
       Idealise          |       |       |       |     2 |       |       ||     2
       Transference      |       |       |       |     1 |       |       ||     1
Evoke: Wand              |       |     5 |       |     9 |    20 |     5 ||    39
       Box of beasts     |       |       |       |       |     4 |     1 ||     5
       Condenser vane    |       |       |       |       |       |     1 ||     1
  Use: Potion            |       |     1 |       |     3 |     2 |    12 ||    18
       Scroll            |       |       |    10 |    14 |    21 |     7 ||    52
 Stab: Distracted        |       |       |     2 |       |       |       ||     2
       Confused          |       |       |     2 |       |       |       ||     2
Armor: Leather armour    |     4 |     2 |       |       |       |       ||     6
       Scale mail        |       |    63 |    40 |    55 |   179 |    38 ||   375
Dodge: Dodged            |     9 |    74 |   115 |   208 |   455 |    80 ||   941
Block: Buckler           |       |       |       |       |    11 |    59 ||    70
       Tower shield      |       |       |       |       |     9 |       ||     9

Table legend: (Time is in decaauts)
 A = Elapsed time spent in this place.
 B = Non-inter-level travel time spent in this place.
 C = Inter-level travel time spent in this place.
 D = Time resting spent in this place.
 E = Time spent auto-exploring this place.
 F = Levels seen in this place.
 G = Mean time per level.
                   A        B        C        D        E       F      G
               +--------+--------+--------+--------+--------+-----+--------+
         Total |  33364 |  30211 |   3153 |   8857 |  15538 |  27 | 1235.7 |
       Dungeon |  16814 |  14971 |   1843 |   1837 |  10463 |  15 | 1120.9 |
          Lair |   9411 |   8699 |    712 |   4315 |   3118 |   5 | 1882.2 |
     Snake Pit |   1811 |   1785 |     26 |    699 |    743 |   2 |  905.5 |
  Orcish Mines |   3895 |   3325 |    570 |   1666 |    888 |   2 | 1947.5 |
       Ossuary |    410 |    410 |      0 |     27 |    112 |   1 |  410.0 |
        Bailey |    172 |    172 |      0 |     37 |     26 |   1 |  172.0 |
      Ice Cave |    849 |    849 |      0 |    275 |    188 |   1 |  849.0 |
               +--------+--------+--------+--------+--------+-----+--------+

Top non-repeatable levels by time:
  Lair:5: 2361 daAuts
     D:8: 2322 daAuts
   Orc:1: 2299 daAuts
  Lair:4: 2184 daAuts
  Lair:3: 1852 daAuts
  Lair:1: 1714 daAuts
   Orc:2: 1595 daAuts
    D:14: 1456 daAuts
    D:13: 1357 daAuts
 Snake:1: 1334 daAuts
     D:9: 1328 daAuts
  Lair:2: 1297 daAuts
     D:4: 1248 daAuts
    D:15: 1189 daAuts
    D:11: 1071 daAuts
